PL
ATHLETIC CLUB KC @ RICHARDSON CITY THUNDERCATS
08/16/2025
 
TOP OF THE 1ST
Athletic Club KC batting - Pitching for Richardson City Thundercats : LHP Alec Pittman
Pitching: LHP Alec Pittman
Batting: SHB David Henderson 0-0: Called Strike
0-1: Foul Ball, location: 2F
0-2: Foul Ball, location: 2F
0-2: Ball
1-2: Strikes out swinging
Batting: RHB David Edwards 0-0: Ball
1-0: Foul Ball, location: 2F
1-1: Ball
2-1: Fly out, F6 (Line Drive, 6MS)
Batting: RHB Ramón Souza 0-0: Ball
1-0: Ball
2-0: Ball
3-0: Called Strike
3-1: Base on Balls
Batting: RHB John Downing 0-0: Called Strike
0-1: SINGLE (Groundball, 6MD)
Ramón Souza to second
Batting: SHB Pedro Vázquez 0-0: Ball
1-0: Called Strike
1-1: Swinging Strike
1-2: SINGLE (Groundball, 5D)
Ramón Souza to third
John Downing to second
Runner from 3rd tries for Home, SAFE, throw made at trailing runner, OUT at third!
Top of the 1st over - 1 run(s), 2 hit(s), 0 error(s), 1 left on base; Athletic Club KC 1 - Richardson City 0
BOTTOM OF THE 1ST
Richardson City Thundercats batting - Pitching for Athletic Club KC : RHP Juan Torres
Pitching: RHP Juan Torres
Batting: RHB Joey Jones 0-0: SINGLE (Groundball, 4MD)
Batting: LHB Carroll Martin 0-0: Ball
1-0: SINGLE (Groundball, 34D)
Joey Jones to second
Runner from 2nd tries for 3rd, SAFE, throw made to third
Carroll Martin to second
Batting: SHB Seishiro Nishimura 0-0: Foul Ball, location: 2F
0-1: Called Strike
0-2: Ball
1-2: Foul Ball, location: 2F
1-2: Foul Ball, location: 2F
1-2: Ball
2-2: Foul Ball, location: 2F
2-2: Fly out, F7 (Flyball, 7D)
Runner from 3rd tags up, SCORES, no throw
Carroll Martin to third
Batting: LHB Fernando Ramírez 0-0: Ball
1-0: Called Strike
1-1: Foul Ball, location: 2F
1-2: Strikes out looking
Batting: SHB Mitch Qualtrough 0-0: Called Strike
0-1: Called Strike
0-2: Ball
1-2: Foul Ball, location: 2F
1-2: Ground out 6-3 (Groundball, 6)
Bottom of the 1st over - 1 run(s), 2 hit(s), 0 error(s), 1 left on base; Athletic Club KC 1 - Richardson City 1
TOP OF THE 2ND
Athletic Club KC batting - Pitching for Richardson City Thundercats : LHP Alec Pittman
Batting: RHB Jorge Trevino 0-0: Fly out, F7 (Flyball, 7S)
Batting: LHB Thatcher Douglas 0-0: Called Strike
0-1: SINGLE (Flyball, 9LM)
Batting: RHB Dao-zi Dai 0-0: Called Strike
0-1: Ball
1-1: Ball
2-1: Called Strike
2-2: SINGLE (Groundball, 4MD)
Thatcher Douglas to second
Runner from 2nd tries for 3rd, SAFE, no throw
Batting: RHB Harry Fuller 0-0: Swinging Strike
0-1: SINGLE (Line Drive, 34)
Thatcher Douglas scores
Dao-zi Dai to second
Runner from 2nd tries for 3rd, SAFE, throw made to third
Batting: SHB David Henderson 0-0: 3-RUN HOME RUN (Flyball, 78XD), Distance : 395 ft
Batting: RHB David Edwards 0-0: DOUBLE (Line Drive, 7D)
Batting: RHB Ramón Souza 0-0: Swinging Strike
0-1: Foul Ball, location: 2F
0-2: Strikes out swinging
Batting: RHB John Downing 0-0: Called Strike
0-1: Hit by Pitch
Batting: SHB Pedro Vázquez 0-0: Foul Ball, location: 2F
0-1: Fly out, F6 (Popup, 6)
Top of the 2nd over - 4 run(s), 5 hit(s), 0 error(s), 2 left on base; Athletic Club KC 5 - Richardson City 1
BOTTOM OF THE 2ND
Richardson City Thundercats batting - Pitching for Athletic Club KC : RHP Juan Torres
Batting: RHB Alden Wiley 0-0: Foul Ball, location: 2F
0-1: Called Strike
0-2: Ground out 6-3 (Groundball, 6S)
Batting: LHB Terrence Eler 0-0: Swinging Strike
0-1: Swinging Strike
0-2: Strikes out looking
Batting: RHB Javier Chávez 0-0: Ball
1-0: Ball
2-0: Ground out 6-3 (Groundball, 6)
Bottom of the 2nd over - 0 run(s), 0 hit(s), 0 error(s), 0 left on base; Athletic Club KC 5 - Richardson City 1
TOP OF THE 3RD
Athletic Club KC batting - Pitching for Richardson City Thundercats : LHP Alec Pittman
Batting: RHB Jorge Trevino 0-0: Ball
1-0: Called Strike
1-1: Fly out, F7 (Flyball, 7LS)
Batting: LHB Thatcher Douglas 0-0: Called Strike
0-1: Swinging Strike
0-2: Ball
1-2: Fly out, F8 (Flyball, 8RXD)
Batting: RHB Dao-zi Dai 0-0: Ball
1-0: Called Strike
1-1: Swinging Strike
1-2: Foul Ball, location: 2F
1-2: Foul Ball, location: 2F
1-2: Strikes out looking
Top of the 3rd over - 0 run(s), 0 hit(s), 0 error(s), 0 left on base; Athletic Club KC 5 - Richardson City 1
BOTTOM OF THE 3RD
Richardson City Thundercats batting - Pitching for Athletic Club KC : RHP Juan Torres
Batting: LHB Eduardo Álvarez 0-0: Ball
1-0: Called Strike
1-1: Ground out 4-3 (Groundball, 4D)
Batting: RHB Joey Jones 0-0: Called Strike
0-1: Swinging Strike
0-2: Ball
1-2: Foul Ball, location: 2F
1-2: Ball
2-2: SINGLE (Line Drive, 89S)
Batting: LHB Carroll Martin 0-0: Called Strike
0-1: Ball
1-1: Ball
2-1: Called Strike
2-2: Foul Ball, location: 2F
2-2: Ball
3-2: Foul Ball, location: 2F
3-2: Fly out, F9 (Flyball, 9LS)
Batting: SHB Seishiro Nishimura 0-0: Swinging Strike
0-1: 2-RUN HOME RUN (Line Drive, 7D), Distance : 372 ft
Batting: LHB Fernando Ramírez 0-0: Ball
1-0: Swinging Strike
1-1: Ball
2-1: Foul Ball, location: 2F
2-2: Strikes out looking
Bottom of the 3rd over - 2 run(s), 2 hit(s), 0 error(s), 0 left on base; Athletic Club KC 5 - Richardson City 3
TOP OF THE 4TH
Athletic Club KC batting - Pitching for Richardson City Thundercats : LHP Alec Pittman
Batting: RHB Harry Fuller 0-0: Called Strike
0-1: Ball
1-1: Ball
2-1: Swinging Strike
2-2: Strikes out swinging
Pitching: LHP Javier Ramírez
Batting: SHB David Henderson 0-0: Called Strike
0-1: Ball
1-1: Swinging Strike
1-2: Foul Ball, location: 2F
1-2: Ball
2-2: Strikes out swinging
Batting: RHB David Edwards 0-0: Ball
1-0: Foul Ball, location: 2F
1-1: Swinging Strike
1-2: Ball
2-2: Foul Ball, location: 2F
2-2: Ball
3-2: Base on Balls
Batting: RHB Ramón Souza 0-0: Ball
1-0: Called Strike
1-1: Swinging Strike
1-2: Strikes out swinging
Top of the 4th over - 0 run(s), 0 hit(s), 0 error(s), 1 left on base; Athletic Club KC 5 - Richardson City 3
BOTTOM OF THE 4TH
Richardson City Thundercats batting - Pitching for Athletic Club KC : RHP Juan Torres
Batting: SHB Mitch Qualtrough 0-0: Called Strike
0-1: Foul Ball, location: 2F
0-2: Strikes out swinging
Batting: RHB Alden Wiley 0-0: Ball
1-0: Ball
2-0: Ball
3-0: Called Strike
3-1: Bunt for hit - play at first, batter OUT! 1-3
Batting: LHB Terrence Eler 0-0: Ground out 6-3 (Groundball, 6)
Bottom of the 4th over - 0 run(s), 0 hit(s), 0 error(s), 0 left on base; Athletic Club KC 5 - Richardson City 3
TOP OF THE 5TH
Athletic Club KC batting - Pitching for Richardson City Thundercats : LHP Javier Ramírez
Batting: RHB John Downing 0-0: Called Strike
0-1: Foul Ball, location: 2F
0-2: Strikes out swinging
Batting: SHB Pedro Vázquez 0-0: Called Strike
0-1: Called Strike
0-2: Foul Ball, location: 2F
0-2: Ball
1-2: Ball
2-2: Ground out 4-3 (Groundball, 4)
Batting: RHB Jorge Trevino 0-0: Ball
1-0: Called Strike
1-1: Ball
2-1: Swinging Strike
2-2: Ball
3-2: Foul Ball, location: 2F
3-2: Base on Balls
Batting: LHB Thatcher Douglas 0-0: Ball
1-0: Called Strike
1-1: Called Strike
1-2: Strikes out swinging
Top of the 5th over - 0 run(s), 0 hit(s), 0 error(s), 1 left on base; Athletic Club KC 5 - Richardson City 3
BOTTOM OF THE 5TH
Richardson City Thundercats batting - Pitching for Athletic Club KC : RHP Juan Torres
Batting: RHB Javier Chávez 0-0: Ball
1-0: Foul Ball, location: 2F
1-1: Called Strike
1-2: Ball
2-2: Foul Ball, location: 2F
2-2: TRIPLE (Line Drive, 8RS)
Batting: LHB Eduardo Álvarez 0-0: Ground out 6-3 (Groundball, 6)
Javier Chávez scores
Batting: RHB Joey Jones 0-0: Called Strike
0-1: Ball
1-1: Ball
2-1: Ball
3-1: Called Strike
3-2: Base on Balls
Batting: LHB Carroll Martin 0-0: Ball
1-0: Called Strike
1-1: Fly out, F9 (Line Drive, 89M)
Batting: SHB Seishiro Nishimura 0-0: Ball
1-0: Ball
2-0: Called Strike
2-1: Swinging Strike
2-2: Strikes out swinging
Bottom of the 5th over - 1 run(s), 1 hit(s), 0 error(s), 1 left on base; Athletic Club KC 5 - Richardson City 4
TOP OF THE 6TH
Athletic Club KC batting - Pitching for Richardson City Thundercats : LHP Javier Ramírez
Batting: RHB Dao-zi Dai 0-0: Called Strike
0-1: Called Strike
0-2: Ball
1-2: Foul Ball, location: 2F
1-2: Ball
2-2: Ball
3-2: Strikes out looking
Batting: RHB Harry Fuller 0-0: Called Strike
0-1: Foul Ball, location: 2F
0-2: Strikes out swinging
Batting: SHB David Henderson 0-0: Swinging Strike
0-1: Swinging Strike
0-2: Strikes out swinging
Top of the 6th over - 0 run(s), 0 hit(s), 0 error(s), 0 left on base; Athletic Club KC 5 - Richardson City 4
BOTTOM OF THE 6TH
Richardson City Thundercats batting - Pitching for Athletic Club KC : RHP Juan Torres
Batting: LHB Fernando Ramírez 0-0: Fly out, F9 (Flyball, 9D)
Batting: SHB Mitch Qualtrough 0-0: Ball
1-0: Called Strike
1-1: Foul Ball, location: 2F
1-2: Ball
2-2: Strikes out swinging
Batting: RHB Alden Wiley 0-0: Ball
1-0: Ball
2-0: Foul Ball, location: 2F
2-1: Fly out, F9 (Flyball, 9LSF)
Bottom of the 6th over - 0 run(s), 0 hit(s), 0 error(s), 0 left on base; Athletic Club KC 5 - Richardson City 4
TOP OF THE 7TH
Athletic Club KC batting - Pitching for Richardson City Thundercats : LHP Javier Ramírez
Batting: RHB David Edwards 0-0: Foul Ball, location: 2F
0-1: Foul Ball, location: 2F
0-2: Ball
1-2: Strikes out swinging
Pitching: LHP Manuel Franco
Batting: RHB Ramón Souza 0-0: Ball
1-0: Ball
2-0: Ball
3-0: Called Strike
3-1: Base on Balls
Batting: RHB John Downing 0-0: Ball
1-0: Ball
2-0: Ball
3-0: Base on Balls
Ramón Souza to second
Batting: SHB Pedro Vázquez 0-0: Ball
1-0: Swinging Strike
1-1: Ball
2-1: Foul Ball, location: 2F
2-2: Strikes out swinging
Batting: RHB Jorge Trevino 0-0: Called Strike
0-1: Ball
1-1: Ball
2-1: Foul Ball, location: 2F
2-2: Ball
3-2: Strikes out swinging
Top of the 7th over - 0 run(s), 0 hit(s), 0 error(s), 2 left on base; Athletic Club KC 5 - Richardson City 4
BOTTOM OF THE 7TH
Richardson City Thundercats batting - Pitching for Athletic Club KC : RHP Juan Torres
Batting: LHB Terrence Eler 0-0: Swinging Strike
0-1: Foul Ball, location: 2F
0-2: Ball
1-2: Ball
2-2: Strikes out swinging
Batting: RHB Javier Chávez 0-0: Ball
1-0: Foul Ball, location: 2F
1-1: Ball
2-1: Ball
3-1: Foul Ball, location: 2F
3-2: TRIPLE (Line Drive, 78M)
Batting: LHB Eduardo Álvarez 0-0: Ball
1-0: Ground out 4-3 (Groundball, 34)
Batting: RHB Joey Jones 0-0: Ball
1-0: Ball
2-0: Swinging Strike
2-1: Ground out U3 (Groundball, 3)
Bottom of the 7th over - 0 run(s), 1 hit(s), 0 error(s), 1 left on base; Athletic Club KC 5 - Richardson City 4
TOP OF THE 8TH
Athletic Club KC batting - Pitching for Richardson City Thundercats : LHP Manuel Franco
Batting: LHB Thatcher Douglas 0-0: Ball
1-0: Called Strike
1-1: Called Strike
1-2: Ground out 4-3 (Groundball, 4M)
Batting: RHB Dao-zi Dai 0-0: Ball
1-0: Ball
2-0: Swinging Strike
2-1: Foul Ball, location: 2F
2-2: Strikes out looking
Batting: RHB Harry Fuller 0-0: Called Strike
0-1: Foul Ball, location: 2F
0-2: Ball
1-2: DOUBLE (Line Drive, 7LD)
Batting: SHB David Henderson 0-0: Ball
1-0: Ball
2-0: Called Strike
2-1: SINGLE (Line Drive, 6MD)
Harry Fuller to third
Runner from 3rd tries for Home, SAFE, no throw
Batting: RHB David Edwards 0-0: 2-RUN HOME RUN (Flyball, 7D), Distance : 366 ft
Batting: RHB Ramón Souza 0-0: Called Strike
0-1: Called Strike
0-2: Ball
1-2: Ball
2-2: Strikes out swinging
Top of the 8th over - 3 run(s), 3 hit(s), 0 error(s), 0 left on base; Athletic Club KC 8 - Richardson City 4
BOTTOM OF THE 8TH
Richardson City Thundercats batting - Pitching for Athletic Club KC : RHP Juan Torres
Pitching: RHP Ole Kos
Batting: LHB Carroll Martin 0-0: Swinging Strike
0-1: Ball
1-1: Ball
2-1: Foul Ball, location: 2F
2-2: Strikes out swinging
Batting: SHB Seishiro Nishimura 0-0: Ball
1-0: Ball
2-0: DOUBLE (Line Drive, 9LS)
Batting: LHB Fernando Ramírez 0-0: Ball
1-0: Fly out, F6 (Popup, 6D)
Batting: SHB Mitch Qualtrough 0-0: Ball
1-0: Called Strike
1-1: Fly out, F4 (Line Drive, 34D)
Bottom of the 8th over - 0 run(s), 1 hit(s), 0 error(s), 1 left on base; Athletic Club KC 8 - Richardson City 4
TOP OF THE 9TH
Athletic Club KC batting - Pitching for Richardson City Thundercats : LHP Manuel Franco
Pitching: RHP Bo Tubbs
Batting: RHB John Downing 0-0: Ball
1-0: Ball
2-0: Swinging Strike
2-1: Fly out, F7 (Flyball, 7S)
Batting: SHB Pedro Vázquez 0-0: Called Strike
0-1: Called Strike
0-2: Foul Ball, location: 2F
0-2: Foul Ball, location: 2F
0-2: Strikes out swinging
Batting: RHB Jorge Trevino 0-0: Swinging Strike
0-1: Called Strike
0-2: Ball
1-2: Strikes out swinging
Top of the 9th over - 0 run(s), 0 hit(s), 0 error(s), 0 left on base; Athletic Club KC 8 - Richardson City 4
BOTTOM OF THE 9TH
Richardson City Thundercats batting - Pitching for Athletic Club KC : RHP Ole Kos
Pitching: RHP Gene Kirkland
Batting: RHB Alden Wiley 0-0: Ground out 5-3 (Groundball, 56)
Batting: LHB Terrence Eler 0-0: Ball
1-0: Called Strike
1-1: Called Strike
1-2: Strikes out swinging
Batting: RHB Javier Chávez 0-0: Ball
1-0: SINGLE (Line Drive, 89S)
Batting: LHB Eduardo Álvarez 0-0: Ball
1-0: Called Strike
1-1: Swinging Strike
1-2: Strikes out swinging
Bottom of the 9th over - 0 run(s), 1 hit(s), 0 error(s), 1 left on base; Athletic Club KC 8 - Richardson City 4
Friday, December 30th, 2016 - OOTP Baseball 17.12 Build 75